 Dungeon Crawl Stone Soup version 0.30-a0-458-g86641cc369 (webtiles) character file.

Game seed: 11497615810794661049

141 NinjaNoafa the Ducker (level 5, 0/32 HPs)
             Began as a Tengu Gladiator on Dec 14, 2022.
             Slain by an orc wizard
             ... wielding a +0 dagger
              (4 damage)
             ... on level 3 of the Dungeon.
             The game lasted 00:04:07 (1774 turns).

NinjaNoafa the Ducker (Tengu Gladiator)             Turns: 1774, Time: 00:04:08

Health: 0/32       AC:  3    Str: 14    XL:     5   Next: 24%
Magic:  6/6        EV: 16    Int:  9    God:
Gold:   141        SH:  0    Dex: 17    Spells: 4/4 levels left

rFire   . . .      SeeInvis .    a - +0 long sword
rCold   . . .      Faith    .    (no shield)
rNeg    . . .      Spirit   .    b - +0 leather armour
rPois   .          Reflect  .    c - +0 hat
rElec   .          Harm     .    (no cloak)
rCorr   .          Rampage  .    (no gloves)
Will    .....                    (boots unavailable)
Stlth   +.........               (no amulet)
HPRegen 0.25/turn                (no ring)
MPRegen 0.10/turn                (no ring)

@: flying quickly and evasively, quick
A: beak, talons 3, nimble flight
a: no special abilities


You were on level 3 of the Dungeon.
You visited 1 branch of the dungeon, and saw 3 of its levels.

You collected 141 gold pieces.

Inventory:

Hand Weapons
 a - a +0 long sword (weapon)
Missiles
 d - 3 throwing nets
 f - 18 stones
 m - 4 curare-tipped darts (quivered)
 r - 4 poisoned darts
Armour
 b - a +0 leather armour (worn)
 c - a +0 hat (worn)
Scrolls
 e - a scroll of enchant armour {unknown}
 h - 2 scrolls of fog {unknown}
 k - a scroll of enchant weapon {unknown}
 l - 3 scrolls of identify {unknown}
 p - 2 scrolls of blinking {unknown}
 q - 2 scrolls of teleportation {unknown}
Potions
 g - a potion of flight {unknown}
 i - a potion of degeneration {unknown}
 j - 2 potions of curing {unknown}
 n - a potion of haste {unknown}
 o - a potion of resistance {unknown}
 s - 2 potions of mutation {unknown}


   Skills:
 + Level 3.1 Fighting
 + Level 4.2 Long Blades
 - Level 2.0 Throwing
 * Level 4.9 Dodging


You had 4 spell levels left.
You didn't know any spells.
Your spell library was empty.

Dungeon Overview and Level Annotations

Branches:
Dungeon (3/15)

Altars:

Shops:
D:3 =


Innate Abilities, Weirdness & Mutations

You have a beak for a mouth.
You have claws for feet.
Your magical nature lets you fly swiftly and evasively.


Message History

You kill the orc wizard!
The orc hits you but does no damage.
The orc wizard gestures wildly while chanting.
The orc wizard flickers and vanishes!
Deactivating autopickup; reactivate with Ctrl-A.
You have reached level 5!
Your magical nature develops, letting you fly swiftly and evasively.
You bump into the rock wall.
The ball python closely misses you. The ball python grabs you.
The ball python constricts you.
You escape the ball python's grasp.
The orc misses you. The orc closely misses you. Something hits you.
You slash the orc!
You kill the orc!
The ball python closely misses you. The ball python grabs you.
The ball python constricts you.
You hear some strange, mumbled words.
You are more confused.
The orc closely misses you.
You closely miss the orc. Your kick misses the orc. The ball python bites you.
The ball python constricts you. The orc hits you with a +0 hand axe!
The ball python bites you. The ball python constricts you.
You barely miss something. Your kick misses something.
Your peck misses something. The ball python barely misses you.
The ball python constricts you. The orc closely misses you. Something hits you.
The orc misses you.
You barely miss the ball python. You claw the ball python.
You kill the ball python!
The orc hits you but does no damage. Something hits you but does no damage.
The orc hits you with a +0 hand axe. x2; Something hits you.
* * * LOW HITPOINT WARNING * * *
The orc hits you with a +0 flail.
* * * LOW HITPOINT WARNING * * *
Okay, then.
The orc barely misses you.
Things that are here:
a +0 whip; a +0 leather armour
Okay, then.
You feel less confused. Something hits you.
You die...

.........# ........#
##.......# #.......#
#....)(.# #.†.....#
##o....##
#########.o...## #
#........@{.###
########.#.........#
...................#
#####..###.........#
#.#...#.########
##.....## #..∩..#
#..†..# ##...##


You could see 2 orcs.

Vanquished Creatures
  A scorpion (D:2)
  An orc wizard (D:3)
  A worm (D:2)
  A dart slug (D:2)
  2 orcs (D:3)
  5 ball pythons
  6 bats (D:1)
  5 endoplasms
  A giant cockroach (D:1)
  8 goblins
  5 hobgoblins
  2 frilled lizards
  3 kobolds
  8 rats
49 creatures vanquished.

Notes
Turn   | Place    | Note
-------+----------+-------------------------------------------
     0 | D:1      | NinjaNoafa the Tengu Gladiator began the quest for the Orb.
     0 | D:1      | Reached XP level 1. HP: 12/12 MP: 2/2
    38 | D:1      | Reached XP level 2. HP: 15/17 MP: 3/3
   397 | D:1      | You fall into a shaft and drop 1 floor!
   427 | D:2      | Reached XP level 3. HP: 22/22 MP: 4/4
   752 | D:1      | Found a faded altar of an unknown god.
  1206 | D:2      | Noticed a scorpion
  1210 | D:2      | Killed a scorpion
  1211 | D:2      | Reached XP level 4. HP: 28/28 MP: 5/5
  1747 | D:3      | Found Eningeytim's One-of-a-Kind Rings.
  1765 | D:3      | Gained mutation: Your magical nature lets you fly swiftly
                  | and evasively. [Tengu growth]
  1765 | D:3      | Reached XP level 5. HP: 32/32 MP: 6/6
  1774 | D:3      | Slain by an orc wizard

Illustrated notes

Levels and vault maps discovered:
D:1:      saegor_arrival_simple_c, layout_loops_ring,
          shapermc_ecumenical_altar_totnotflames, minmay_misc_feat_four_crosses
D:2:      layout_basic
D:3:      layout_rooms, nicolae_elyvilon_peaceful_grove,
          nicolae_shop_unique_rings, minmay_strange_pillars, goddamned_bats

Skill      XL: |  1  2  3 |
---------------+----------+-----
Dodging        | 4 |  4.9
Fighting       | 3 |  3.1
Long Blades    | 4 |  4.2
Throwing       | |  2.0

Action                   |  1- 3 |  4- 6 || total
-------------------------+-------+-------++-------
Melee: Long sword        |    75 |    19 ||    94
       Kick              |    13 |     4 ||    17
       Peck              |    14 |     2 ||    16
       Punch             |     1 |       ||     1
Throw: Javelin           |     4 |       ||     4
       Dart              |     1 |     1 ||     2
 Stab: Sleeping          |     1 |       ||     1
Armor: Leather armour    |    18 |     5 ||    23
Dodge: Dodged            |    56 |    20 ||    76

Table legend: (Time is in decaauts)
 A = Elapsed time spent in this place.
 B = Non-inter-level travel time spent in this place.
 C = Inter-level travel time spent in this place.
 D = Time resting spent in this place.
 E = Time spent auto-exploring this place.
 F = Levels seen in this place.
 G = Mean time per level.
                   A        B        C        D        E       F      G
               +--------+--------+--------+--------+--------+-----+--------+
         Total |   1795 |   1741 |     54 |      0 |   1379 |   3 |  598.3 |
       Dungeon |   1795 |   1741 |     54 |      0 |   1379 |   3 |  598.3 |
               +--------+--------+--------+--------+--------+-----+--------+

Top non-repeatable levels by time:
     D:1: 888 daAuts
     D:2: 812 daAuts
     D:3: 95 daAuts
